 Dungeon Crawl Stone Soup version 0.25.0-26-g0c896c7088 (webtiles) character file.

Game seed: 9161730745647763513

79 xccam the Insei (level 4, -7/31 HPs)
             Began as an Octopode Monk on July 1, 2020.
             Mangled by a gnoll
             ... wielding a +0 spear
              (8 damage)
             ... on level 2 of the Dungeon.
             The game lasted 00:01:24 (1329 turns).

xccam the Insei (Octopode Monk)                     Turns: 1329, Time: 00:01:25

Health: -7/31      AC:  1    Str: 10    XL:     4   Next: 37%
Magic:  4/4        EV: 14    Int: 12    God:
Gold:   88         SH:  0    Dex: 15    Spells: 3/3 levels left

rFire    . . .     SeeInvis .     - Unarmed
rCold    . . .     Gourm    .   (no shield)
rNeg     . . .     Faith    .   (helmet restricted)
rPois    .         Spirit   .   (no amulet)
rElec    .         Reflect  .   e - ring of flight
rCorr    .         Harm     .   (no ring)
MR       .....                  (no ring)
Stlth    +++.......             (no ring)
HPRegen  0.10/turn              (no ring)
MPRegen  0.09/turn              (no ring)
                                (no ring)
                                (no ring)

@: no status effects
A: almost no armour, stealthy swim, amphibious, 8 rings, constrict 8, camouflage
1, gelatinous body 1
a: Evoke Flight


You were on level 2 of the Dungeon.
You were not hungry.

You visited 1 branch of the dungeon, and saw 2 of its levels.

You collected 88 gold pieces.

Inventory:

Jewellery
 e - a ring of flight (left tentacle)
Scrolls
 b - a scroll of enchant weapon {unknown}
 c - a scroll of enchant armour {unknown}
 d - 2 scrolls of remove curse {unknown}
 f - a scroll of teleportation {unknown}
Potions
 h - a potion of ambrosia {unknown}
 i - 2 potions of degeneration {unknown}
Comestibles
 a - 3 rations
 g - 6 chunks of flesh


   Skills:
 - Level 3.0 Fighting
 - Level 3.0 Dodging
 - Level 2.6 Stealth
 + Level 5.0 Unarmed Combat


You had 3 spell levels left.
You didn't know any spells.
Your spell library was empty.

Dungeon Overview and Level Annotations

Branches:
Dungeon (2/15)

Altars:


Innate Abilities, Weirdness & Mutations

You cannot wear most types of armour.
You are very stealthy in the water. (Stealth+)
You are amphibious.
You can wear up to eight rings at the same time.
You can use your tentacles to constrict eight enemies at once.
Your skin changes colour to match your surroundings (Stealth+).
Your rubbery body absorbs attacks. (AC +1, EV +1)


Message History

You are too injured to fight recklessly!
You are too injured to fight recklessly!
You are too injured to fight recklessly!
You are too injured to fight recklessly!
You are too injured to fight recklessly!
You are too injured to fight recklessly!
You are too injured to fight recklessly!
You are too injured to fight recklessly!
You are too injured to fight recklessly!
You are too injured to fight recklessly!
You are too injured to fight recklessly!
The gnoll hits you with a cursed +0 spear.
* * * LOW HITPOINT WARNING * * *
The gnoll barely misses you. The gnoll closely misses you.
The gnoll hits you from afar with a +0 spear.
* * * LOW HITPOINT WARNING * * *
There is a stone staircase leading up here.
The gnoll hits you from afar with a +0 spear!
You die...

#.................#
###..(......#####..####
#......................
#.#.........#..........
#.#.........#.#.......#
#g#..g......#.#.#.....#
#g#.gg.####.#.#.#...#.#
#g#.#.#####.#.#<#...#.#
#.#..<@.....#.###...#.#
###.###########.#
..>.#.# #.)........ ..#
# #.#)####### #####
#.#.# ..... # #.# .....
#.# ##### #.. #.#


You could see 3 gnolls.

Vanquished Creatures
  A gnoll (D:2)
  3 adders (D:2)
  A worm (D:2)
  3 leopard geckos
  2 giant cockroaches
  6 goblins
  2 hobgoblins
  9 bats
  2 frilled lizards (D:2)
  5 kobolds (D:2)
  5 rats
39 creatures vanquished.

Notes
Turn   | Place    | Note
-------+----------+-------------------------------------------
     0 | D:1      | xccam the Octopode Monk began the quest for the Orb.
     0 | D:1      | Reached XP level 1. HP: 16/16 MP: 1/1
   143 | D:1      | Reached XP level 2. HP: 21/21 MP: 2/2
   627 | D:2      | Reached skill level 4 in Unarmed Combat
   627 | D:2      | Reached XP level 3. HP: 23/26 MP: 3/3
  1270 | D:2      | Reached XP level 4. HP: 31/31 MP: 4/4
  1312 | D:2      | Reached skill level 5 in Unarmed Combat
  1328 | D:2      | HP: 1/31 [gnoll/+0 spear (6)]
  1329 | D:2      | Mangled by a gnoll

Illustrated notes

Levels and vault maps discovered:
D:1:      ncdulo_halloftheorcs, layout_basic
D:2:      layout_basic

Skill      XL: |  1  2  3  4 |
---------------+-------------+-----
Unarmed Combat | 4 5 |  5.0
Fighting       | |  3.0
Dodging        | |  3.0
Stealth        | |  2.6

Action                   |  1- 3 |  4- 6 || total
-------------------------+-------+-------++-------
Melee: Unarmed           |    74 |    10 ||    84
       Constrict         |    20 |     3 ||    23
       Tentacles         |    13 |     5 ||    18
       Punch             |     3 |       ||     3
 Stab: Sleeping          |    10 |     2 ||    12
  Eat: Chunk             |     1 |       ||     1
Armor: Skin              |     9 |     1 ||    10
Dodge: Dodged            |    47 |    11 ||    58
